3559 views
Uploaded 2020-05-11 17:35:18
Game version 1.32.4 / 1.32.5
26:17 long 3on3 ladder game on (6)RuinsOfStratholme
Saved by Claims
3559 views
Uploaded 2020-05-11 17:35:18
Game version 1.32.4 / 1.32.5
26:17 long 3on3 ladder game on (6)RuinsOfStratholme


123 units @ 16.9k
/ 2.9k
60 buildings @ 10.8k
/ 5k
Forsthorst
(24:57) : 
| Orb of Venom | 1 | 325 |
| Scroll of Town Portal | 2 | 700 |
| Boots of Speed | 1 | 250 |
| total: | 4 | 1275g |
| Wisp | 27 | 1620 | / | 0 |
| Archer | 13 | 1690 | / | 130 |
| Hippogryph | 9 | 1440 | / | 180 |
| Chimaera | 3 | 990 | / | 210 |
| total: | 52 | 5740g | / | 520w |
| Ancient Protector | 2 | 270 | / | 160 |
| Altar of Elders | 1 | 180 | / | 50 |
| Moon Well | 7 | 1260 | / | 280 |
| Ancient of War | 1 | 150 | / | 60 |
| Hunter's Hall | 1 | 210 | / | 100 |
| Ancient of Wonders | 1 | 90 | / | 30 |
| Tree of Life | 2 | 680 | / | 370 |
| Ancient of Wind | 2 | 300 | / | 280 |
| Chimaera Roost | 2 | 280 | / | 380 |
| Tree of Ages | 1 | 320 | / | 180 |
| Tree of Eternity | 1 | 330 | / | 200 |
| total: | 19 | 3420g | / | 1710w |
| 0:04 | Altar of Elders |
| 0:05 | Wisp |
| 0:05 | Wisp |
| 0:22 | Moon Well |
| 0:26 | Wisp |
| 0:26 | Wisp |
| 0:48 | Ancient of War |
| 1:02 | Wisp |
| 1:02 | Wisp |
| 1:02 | Wisp |
| 1:36 | Wisp |
| 1:40 | Moon Well |
| 1:47 | Wisp |
| 1:49 | Archer |
| 2:01 | Wisp |
| 2:01 | Wisp |
| 2:02 | Archer |
| 2:24 | Evasion |
| 2:41 | Archer |
| 3:04 | Tree of Ages |
| 3:12 | Archer |
| 3:15 | Moon Well |
| 3:27 | Archer |
| 3:47 | Mana Burn |
| 4:20 | Hunter's Hall |
| 4:22 | Ancient of Wonders |
| 4:32 | Boots of Speed |
| 4:54 | Archer |
| 4:58 | Archer |
| 5:31 | Improved Bows |
| 5:36 | Ancient of Wind |
| 5:37 | Ancient of Wind |
| 6:07 | Mana Burn |
| 6:17 | Archer |
| 6:23 | Tree of Life |
| 6:44 | Hippogryph |
| 6:45 | Archer |
| 7:00 | Moon Well |
| 7:09 | Hippogryph |
| 7:38 | Ultravision |
| 8:01 | Hippogryph |
| 8:35 | Hippogryph |
| 8:37 | Moon Well |
| 8:55 | Wisp |
| 8:55 | Wisp |
| 8:55 | Wisp |
| 8:55 | Wisp |
| 8:58 | Wisp |
| 9:43 | Strength of the Moon |
| 9:58 | Tree of Eternity |
| 10:53 | Hippogryph |
| 12:23 | Marksmanship |
| 12:31 | Orb of Venom |
| 12:37 | Improved Strength of the Moon |
| 12:43 | Archer |
| 12:43 | Archer |
| 12:47 | Moon Well |
| 13:23 | Hippogryph |
| 13:29 | Chimaera Roost |
| 13:35 | Chimaera Roost |
| 13:57 | Wisp |
| 13:57 | Wisp |
| 13:59 | Wisp |
| 13:59 | Wisp |
| 14:10 | Ancient Protector |
| 14:49 | Hippogryph |
| 15:36 | Evasion |
| 15:54 | Ancient Protector |
| 15:56 | Wisp |
| 15:56 | Wisp |
| 16:04 | Tree of Life |
| 16:30 | Advanced Strength of the Moon |
| 16:38 | Archer |
| 16:38 | Archer |
| 17:13 | Corrosive Breath |
| 17:43 | Moon Well |
| 17:51 | Scroll of Town Portal |
| 18:28 | Chimaera |
| 18:32 | Wisp |
| 18:32 | Wisp |
| 18:32 | Wisp |
| 18:32 | Wisp |
| 18:32 | Wisp |
| 19:50 | Chimaera |
| 20:45 | Hippogryph |
| 21:09 | Hippogryph |
| 21:12 | Chimaera |
| 21:18 | Strength of the Wild |
| 22:59 | Scroll of Town Portal |
| 23:26 | Mana Burn |
| Right click | 750 |
| Select | 454 |
| Select group | 134 |
| Build/train/purchase | 85 |
| Misc. action | 65 |
| Assign group | 51 |
| Use ability | 34 |
| Resource trade | 19 |
| Minimap ping | 8 |
| Item give/drop | 2 |


| Rod of Necromancy | 1 | 150 |
| Scroll of Town Portal | 3 | 1050 |
| total: | 4 | 1200g |
| Acolyte | 10 | 750 | / | 0 |
| Ghoul | 4 | 480 | / | 0 |
| Crypt Fiend | 4 | 860 | / | 160 |
| Frost Wyrm | 12 | 4620 | / | 1440 |
| Necromancer | 6 | 870 | / | 120 |
| Gargoyle | 1 | 175 | / | 30 |
| total: | 37 | 7755g | / | 1750w |
| Nerubian Tower | 1 | 100 | / | 20 |
| Spirit Tower | 3 | 435 | / | 120 |
| Graveyard | 2 | 430 | / | 0 |
| Crypt | 2 | 400 | / | 100 |
| Altar of Darkness | 1 | 180 | / | 50 |
| Ziggurat | 10 | 1500 | / | 500 |
| Tomb of Relics | 2 | 260 | / | 60 |
| Necropolis | 1 | 225 | / | 0 |
| Sacrificial Pit | 1 | 75 | / | 150 |
| Temple of the Damned | 1 | 155 | / | 140 |
| Boneyard | 2 | 350 | / | 400 |
| Halls of the Dead | 1 | 320 | / | 210 |
| Black Citadel | 2 | 650 | / | 460 |
| total: | 22 | 3575g | / | 1400w |
| 0:05 | Acolyte |
| 0:08 | Graveyard |
| 0:14 | Crypt |
| 0:16 | Crypt |
| 0:19 | Acolyte |
| 0:42 | Altar of Darkness |
| 0:56 | Ziggurat |
| 1:17 | Tomb of Relics |
| 1:19 | Tomb of Relics |
| 1:21 | Ghoul |
| 1:38 | Ziggurat |
| 1:58 | Crypt Fiend |
| 2:20 | Crypt Fiend |
| 2:33 | Nerubian Tower |
| 2:48 | Rod of Necromancy |
| 2:52 | Death Coil |
| 3:12 | Crypt Fiend |
| 3:32 | Crypt Fiend |
| 4:00 | Ghoul |
| 4:10 | Halls of the Dead |
| 4:11 | Ghoul |
| 4:17 | Unholy Aura |
| 4:30 | Ziggurat |
| 5:18 | Ghoul |
| 6:00 | Ziggurat |
| 6:05 | Ziggurat |
| 6:08 | Spirit Tower |
| 6:13 | Ziggurat |
| 6:42 | Acolyte |
| 6:57 | Spirit Tower |
| 7:01 | Black Citadel |
| 7:12 | Acolyte |
| 7:18 | Black Citadel |
| 7:26 | Death Coil |
| 7:45 | Frost Nova |
| 7:47 | Spirit Tower |
| 7:55 | Sacrificial Pit |
| 8:21 | Necropolis |
| 9:46 | Boneyard |
| 9:51 | Boneyard |
| 9:54 | Acolyte |
| 9:58 | Ziggurat |
| 9:59 | Acolyte |
| 9:59 | Acolyte |
| 9:59 | Acolyte |
| 10:00 | Acolyte |
| 10:11 | Creature Attack |
| 10:55 | Creature Carapace |
| 11:00 | Frost Wyrm |
| 11:06 | Frost Wyrm |
| 11:12 | Temple of the Damned |
| 11:32 | Freezing Breath |
| 11:57 | Web |
| 12:20 | Graveyard |
| 12:26 | Improved Creature Attack |
| 12:48 | Necromancer Adept Training |
| 12:49 | Frost Wyrm |
| 13:10 | Frost Wyrm |
| 13:17 | Scroll of Town Portal |
| 13:40 | Frost Wyrm |
| 13:45 | Necromancer |
| 14:10 | Necromancer |
| 14:36 | Frost Wyrm |
| 14:47 | Improved Creature Carapace |
| 15:07 | Ziggurat |
| 15:49 | Frost Wyrm |
| 15:53 | Ziggurat |
| 15:56 | Ziggurat |
| 16:36 | Necromancer |
| 16:37 | Necromancer |
| 16:46 | Frost Wyrm |
| 17:03 | Acolyte |
| 17:17 | Scroll of Town Portal |
| 18:44 | Frost Wyrm |
| 19:52 | Frost Wyrm |
| 20:16 | Frost Wyrm |
| 20:28 | Death Pact |
| 20:39 | Scroll of Town Portal |
| 21:01 | Necromancer |
| 21:26 | Frost Wyrm |
| 21:51 | Necromancer |
| 22:22 | Frost Nova |
| 23:36 | Gargoyle |
| 26:11 | Death Coil |
| Right click | 636 |
| Select group | 383 |
| Select | 360 |
| Build/train/purchase | 103 |
| Assign group | 56 |
| Use ability | 49 |
| Misc. action | 8 |
| Remove unit | 6 |
| Resource trade | 5 |
| Minimap ping | 1 |


| Potion of Healing | 2 | 300 |
| Orb of Venom | 1 | 325 |
| Scroll of Town Portal | 2 | 700 |
| total: | 5 | 1325g |
| Wisp | 19 | 1140 | / | 0 |
| Archer | 7 | 910 | / | 70 |
| Dryad | 6 | 870 | / | 360 |
| Druid of the Claw | 2 | 510 | / | 160 |
| total: | 34 | 3430g | / | 590w |
| Ancient Protector | 1 | 135 | / | 80 |
| Altar of Elders | 1 | 180 | / | 50 |
| Moon Well | 6 | 1080 | / | 240 |
| Ancient of War | 1 | 150 | / | 60 |
| Hunter's Hall | 1 | 210 | / | 100 |
| Ancient of Wonders | 1 | 90 | / | 30 |
| Tree of Life | 4 | 1360 | / | 740 |
| Ancient of Lore | 3 | 465 | / | 435 |
| Ancient of Wind | 1 | 150 | / | 140 |
| Tree of Ages | 1 | 320 | / | 180 |
| Tree of Eternity | 1 | 330 | / | 200 |
| total: | 19 | 3820g | / | 1875w |
| 0:05 | Wisp |
| 0:05 | Wisp |
| 0:06 | Altar of Elders |
| 0:21 | Moon Well |
| 0:28 | Wisp |
| 0:28 | Wisp |
| 0:28 | Wisp |
| 0:37 | Ancient of War |
| 0:48 | Wisp |
| 1:13 | Wisp |
| 1:14 | Wisp |
| 1:48 | Moon Well |
| 1:49 | Archer |
| 2:14 | Entangling Roots |
| 2:15 | Archer |
| 2:31 | Archer |
| 2:40 | Wisp |
| 2:56 | Archer |
| 3:29 | Archer |
| 3:32 | Tree of Ages |
| 4:01 | Thorns Aura |
| 4:19 | Archer |
| 4:21 | Moon Well |
| 4:27 | Hunter's Hall |
| 5:45 | Archer |
| 5:59 | Ancient of Lore |
| 5:59 | Ancient of Lore |
| 6:59 | Wisp |
| 6:59 | Wisp |
| 7:01 | Wisp |
| 7:26 | Improved Bows |
| 7:29 | Dryad |
| 7:46 | Entangling Roots |
| 8:39 | Tree of Eternity |
| 8:41 | Moon Well |
| 8:42 | Strength of the Wild |
| 8:43 | Strength of the Moon |
| 8:56 | Ancient of Wonders |
| 9:36 | Abolish Magic |
| 9:37 | Dryad |
| 11:05 | Improved Strength of the Wild |
| 11:07 | Improved Strength of the Moon |
| 11:10 | Wisp |
| 11:11 | Wisp |
| 11:11 | Wisp |
| 11:35 | Thorns Aura |
| 11:41 | Tree of Life |
| 12:25 | Dryad |
| 12:28 | Wisp |
| 12:49 | Druid of the Claw Adept Training |
| 12:55 | Advanced Strength of the Wild |
| 13:35 | Ancient Protector |
| 14:11 | Tree of Life |
| 14:27 | Druid of the Claw Master Training |
| 15:01 | Reinforced Hides |
| 15:34 | Frost Armor |
| 15:50 | Trueshot Aura |
| 16:06 | Wisp |
| 16:06 | Wisp |
| 16:06 | Wisp |
| 16:13 | Ancient of Lore |
| 16:32 | Scroll of Town Portal |
| 16:32 | Potion of Healing |
| 16:37 | Druid of the Claw |
| 16:38 | Druid of the Claw |
| 18:30 | Moon Well |
| 18:50 | Tree of Life |
| 19:51 | Searing Arrows |
| 20:24 | Scroll of Town Portal |
| 20:25 | Potion of Healing |
| 20:27 | Dryad |
| 20:27 | Dryad |
| 20:35 | Ancient of Wind |
| 20:38 | Improved Reinforced Hides |
| 20:58 | Orb of Venom |
| 21:03 | Moon Well |
| 22:32 | Dryad |
| 24:11 | Tree of Life |
| 24:16 | Trueshot Aura |
| Right click | 1088 |
| Select | 569 |
| Select group | 393 |
| Build/train/purchase | 72 |
| Assign group | 47 |
| Use ability | 27 |
| Misc. action | 14 |
| Minimap ping | 11 |
| Resource trade | 4 |
| Remove unit | 3 |
| Esc | 2 |
| Item give/drop | 1 |
144 units @ 18.1k
/ 2.5k
73 buildings @ 9.5k
/ 4.3k



| Scroll of Regeneration | 3 | 300 |
| Scroll of Healing | 1 | 250 |
| Scroll of Town Portal | 2 | 700 |
| Potion of Lesser Invulnerability | 2 | 300 |
| Scroll of Protection | 1 | 150 |
| total: | 9 | 1700g |
| Peasant | 14 | 1050 | / | 0 |
| Footman | 7 | 945 | / | 0 |
| Rifleman | 4 | 820 | / | 120 |
| Priest | 4 | 540 | / | 40 |
| Spell Breaker | 3 | 645 | / | 90 |
| Flying Machine | 4 | 400 | / | 120 |
| Mortar Team | 1 | 180 | / | 70 |
| Siege Engine | 11 | 2145 | / | 660 |
| Knight | 1 | 245 | / | 60 |
| Forest Troll High Priest | 2 | 610 | / | 80 |
| total: | 51 | 7580g | / | 1240w |
| Scout Tower | 11 | 330 | / | 220 |
| Guard Tower | 2 | 140 | / | 100 |
| Altar of Kings | 1 | 180 | / | 50 |
| Barracks | 2 | 320 | / | 120 |
| Farm | 11 | 880 | / | 220 |
| Town Hall | 2 | 770 | / | 410 |
| Arcane Vault | 1 | 130 | / | 30 |
| Lumber Mill | 1 | 120 | / | 0 |
| Blacksmith | 1 | 140 | / | 60 |
| Arcane Sanctum | 2 | 300 | / | 280 |
| Workshop | 2 | 280 | / | 280 |
| Keep | 1 | 320 | / | 210 |
| Castle | 1 | 360 | / | 210 |
| total: | 34 | 3450g | / | 1670w |
| 0:01 | Peasant |
| 0:07 | Altar of Kings |
| 0:10 | Peasant |
| 0:19 | Barracks |
| 0:21 | Peasant |
| 0:32 | Farm |
| 0:36 | Peasant |
| 0:52 | Farm |
| 0:56 | Peasant |
| 1:16 | Peasant |
| 1:20 | Footman |
| 1:33 | Farm |
| 1:41 | Peasant |
| 1:46 | Footman |
| 1:56 | Peasant |
| 2:06 | Summon Water Elemental |
| 2:08 | Footman |
| 2:19 | Footman |
| 2:26 | Peasant |
| 2:55 | Peasant |
| 3:54 | Town Hall |
| 4:09 | Keep |
| 4:12 | Arcane Vault |
| 4:18 | Brilliance Aura |
| 4:50 | Footman |
| 4:54 | Farm |
| 5:03 | Lumber Mill |
| 5:10 | Farm |
| 5:15 | Peasant |
| 5:19 | Scroll of Regeneration |
| 5:28 | Footman |
| 5:34 | Blacksmith |
| 5:58 | Summon Water Elemental |
| 5:59 | Footman |
| 6:08 | Barracks |
| 6:14 | Scroll of Regeneration |
| 6:47 | Defend |
| 7:12 | Improved Lumber Harvesting |
| 7:19 | Peasant |
| 7:19 | Peasant |
| 7:23 | Scroll of Regeneration |
| 7:46 | Peasant |
| 7:59 | Rifleman |
| 8:01 | Rifleman |
| 8:12 | Arcane Sanctum |
| 8:33 | Storm Bolt |
| 8:50 | Forest Troll High Priest |
| 9:10 | Arcane Sanctum |
| 9:34 | Long Rifles |
| 9:35 | Priest |
| 9:35 | Priest |
| 9:36 | Spell Breaker |
| 9:39 | Farm |
| 9:41 | Farm |
| 10:05 | Farm |
| 10:21 | Priest Adept Training |
| 10:59 | Workshop |
| 11:06 | Workshop |
| 11:13 | Farm |
| 11:44 | Rifleman |
| 11:45 | Rifleman |
| 12:05 | Scout Tower |
| 12:06 | Scout Tower |
| 12:10 | Scout Tower |
| 12:11 | Scout Tower |
| 12:11 | Scout Tower |
| 12:18 | Flying Machine |
| 12:18 | Flying Machine |
| 12:26 | Forest Troll High Priest |
| 12:47 | Guard Tower |
| 12:53 | Flying Machine |
| 13:13 | Castle |
| 13:21 | Potion of Lesser Invulnerability |
| 13:22 | Scroll of Healing |
| 13:22 | Scroll of Protection |
| 13:49 | Guard Tower |
| 13:52 | Iron Forged Swords |
| 13:52 | Studded Leather Armor |
| 14:34 | Thunder Clap |
| 14:48 | Mortar Team |
| 14:50 | Brilliance Aura |
| 15:44 | Priest Master Training |
| 15:46 | Siege Engine |
| 15:49 | Barrage |
| 15:49 | Siege Engine |
| 16:36 | Siege Engine |
| 16:36 | Siege Engine |
| 16:37 | Priest |
| 16:37 | Spell Breaker |
| 16:39 | Spell Breaker |
| 16:40 | Iron Plating |
| 16:44 | Advanced Lumber Harvesting |
| 17:21 | Scroll of Town Portal |
| 17:28 | Siege Engine |
| 17:39 | Holy Light |
| 18:02 | Siege Engine |
| 18:03 | Priest |
| 18:29 | Siege Engine |
| 18:44 | Siege Engine |
| 18:46 | Flying Machine |
| 18:47 | Farm |
| 19:25 | Siege Engine |
| 19:49 | Storm Bolt |
| 20:07 | Farm |
| 20:10 | Divine Shield |
| 20:19 | Steel Forged Swords |
| 20:19 | Black Gunpowder |
| 20:57 | Siege Engine |
| 21:10 | Potion of Lesser Invulnerability |
| 21:19 | Steel Plating |
| 21:23 | Town Hall |
| 21:24 | Scout Tower |
| 21:24 | Scout Tower |
| 21:24 | Scout Tower |
| 21:24 | Scout Tower |
| 21:25 | Scout Tower |
| 22:35 | Siege Engine |
| 23:29 | Summon Water Elemental |
| 23:46 | Knight |
| 24:00 | Thunder Clap |
| 24:37 | Holy Light |
| 24:56 | Scout Tower |
| 25:10 | Scroll of Town Portal |
| Right click | 488 |
| Select group | 488 |
| Select | 430 |
| Misc. action | 245 |
| Build/train/purchase | 136 |
| Assign group | 57 |
| Use ability | 18 |
| Minimap ping | 7 |
| Item give/drop | 3 |
| Esc | 3 |


| Potion of Healing | 1 | 150 |
| Scroll of Town Portal | 3 | 1050 |
| Boots of Speed | 1 | 250 |
| Periapt of Vitality | 1 | 325 |
| Potion of Lesser Invulnerability | 1 | 150 |
| total: | 7 | 1925g |
| Wisp | 21 | 1260 | / | 0 |
| Archer | 15 | 1950 | / | 150 |
| Hippogryph | 9 | 1440 | / | 180 |
| total: | 45 | 4650g | / | 330w |
| Ancient Protector | 2 | 270 | / | 160 |
| Altar of Elders | 1 | 180 | / | 50 |
| Ancient of War | 1 | 150 | / | 60 |
| Moon Well | 6 | 1080 | / | 240 |
| Hunter's Hall | 1 | 210 | / | 100 |
| Ancient of Wonders | 1 | 90 | / | 30 |
| Tree of Life | 2 | 680 | / | 370 |
| Ancient of Wind | 3 | 450 | / | 420 |
| Tree of Ages | 1 | 320 | / | 180 |
| Tree of Eternity | 1 | 330 | / | 200 |
| total: | 17 | 3110g | / | 1430w |
| 0:03 | Wisp |
| 0:03 | Wisp |
| 0:11 | Altar of Elders |
| 0:14 | Ancient of War |
| 0:17 | Wisp |
| 0:30 | Moon Well |
| 0:39 | Wisp |
| 0:49 | Wisp |
| 1:02 | Wisp |
| 1:24 | Archer |
| 1:32 | Wisp |
| 1:37 | Moon Well |
| 1:46 | Archer |
| 2:14 | Hunter's Hall |
| 2:23 | Force of Nature |
| 2:29 | Archer |
| 2:34 | Wisp |
| 2:34 | Wisp |
| 2:47 | Archer |
| 3:16 | Archer |
| 3:28 | Tree of Ages |
| 3:34 | Entangling Roots |
| 3:56 | Archer |
| 4:10 | Moon Well |
| 4:14 | Moon Well |
| 5:02 | Ancient Protector |
| 5:03 | Ancient Protector |
| 5:15 | Moon Armor |
| 5:57 | Force of Nature |
| 6:12 | Ancient of Wind |
| 6:13 | Ancient of Wind |
| 6:16 | Wisp |
| 6:16 | Wisp |
| 6:16 | Wisp |
| 6:39 | Strength of the Moon |
| 6:51 | Boots of Speed |
| 6:55 | Trueshot Aura |
| 7:14 | Ancient of Wind |
| 7:42 | Improved Bows |
| 7:42 | Archer |
| 8:06 | Improved Moon Armor |
| 8:12 | Wisp |
| 8:12 | Wisp |
| 8:41 | Tree of Eternity |
| 9:00 | Hippogryph |
| 9:21 | Scout |
| 9:54 | Hippogryph |
| 9:59 | Archer |
| 10:00 | Archer |
| 10:11 | Moon Well |
| 10:12 | Moon Well |
| 10:25 | Improved Strength of the Moon |
| 11:17 | Marksmanship |
| 11:23 | Hippogryph |
| 11:24 | Hippogryph |
| 12:13 | Scroll of Town Portal |
| 12:49 | Advanced Moon Armor |
| 13:42 | Periapt of Vitality |
| 14:53 | Hippogryph |
| 14:54 | Archer |
| 15:47 | Advanced Strength of the Moon |
| 15:56 | Ancient of Wonders |
| 15:58 | Wisp |
| 15:58 | Wisp |
| 16:10 | Entangling Roots |
| 16:24 | Scroll of Town Portal |
| 17:15 | Tree of Life |
| 17:50 | Hippogryph |
| 18:24 | Archer |
| 18:24 | Archer |
| 18:48 | Potion of Healing |
| 19:31 | Trueshot Aura |
| 20:04 | Wisp |
| 20:04 | Wisp |
| 20:05 | Wisp |
| 20:05 | Wisp |
| 20:05 | Wisp |
| 20:37 | Scroll of Town Portal |
| 20:42 | Potion of Lesser Invulnerability |
| 20:47 | Hippogryph |
| 20:50 | Archer |
| 21:10 | Archer |
| 21:12 | Archer |
| 21:38 | Hippogryph |
| 23:21 | Entangling Roots |
| 23:24 | Hippogryph |
| 24:36 | Tree of Life |
| 26:11 | Scout |
| Select group | 677 |
| Right click | 403 |
| Misc. action | 328 |
| Select | 315 |
| Build/train/purchase | 86 |
| Assign group | 36 |
| Use ability | 22 |
| Minimap ping | 7 |
| Resource trade | 5 |
| Item give/drop | 2 |



| Scroll of Regeneration | 7 | 700 |
| Scroll of Town Portal | 7 | 2450 |
| total: | 14 | 3150g |
| Peasant | 25 | 1875 | / | 0 |
| Footman | 8 | 1080 | / | 0 |
| Mortar Team | 3 | 540 | / | 210 |
| Siege Engine | 11 | 2145 | / | 660 |
| Knight | 1 | 245 | / | 60 |
| total: | 48 | 5885g | / | 930w |
| Barracks | 2 | 320 | / | 120 |
| Altar of Kings | 1 | 180 | / | 50 |
| Farm | 11 | 880 | / | 220 |
| Arcane Vault | 2 | 260 | / | 60 |
| Lumber Mill | 1 | 120 | / | 0 |
| Blacksmith | 1 | 140 | / | 60 |
| Town Hall | 2 | 770 | / | 410 |
| Workshop | 2 | 280 | / | 280 |
| Keep | 1 | 320 | / | 210 |
| Castle | 1 | 360 | / | 210 |
| total: | 22 | 2950g | / | 1200w |
| 0:02 | Peasant |
| 0:02 | Peasant |
| 0:07 | Barracks |
| 0:18 | Altar of Kings |
| 0:25 | Peasant |
| 0:33 | Farm |
| 0:42 | Peasant |
| 0:57 | Peasant |
| 1:06 | Farm |
| 1:13 | Footman |
| 1:17 | Footman |
| 1:23 | Peasant |
| 1:27 | Footman |
| 1:38 | Peasant |
| 1:45 | Farm |
| 1:54 | Footman |
| 2:15 | Footman |
| 2:19 | Blizzard |
| 2:24 | Footman |
| 2:29 | Peasant |
| 2:49 | Footman |
| 2:56 | Arcane Vault |
| 2:59 | Arcane Vault |
| 3:24 | Keep |
| 3:30 | Farm |
| 3:32 | Lumber Mill |
| 3:37 | Brilliance Aura |
| 3:44 | Scroll of Regeneration |
| 4:01 | Defend |
| 4:08 | Farm |
| 4:21 | Blacksmith |
| 5:27 | Scroll of Regeneration |
| 5:31 | Footman |
| 5:34 | Farm |
| 5:45 | Scroll of Regeneration |
| 5:46 | Peasant |
| 5:46 | Peasant |
| 6:35 | Blizzard |
| 6:45 | Town Hall |
| 7:25 | Holy Light |
| 7:26 | Castle |
| 7:41 | Scroll of Regeneration |
| 8:02 | Workshop |
| 8:06 | Peasant |
| 8:06 | Peasant |
| 8:06 | Peasant |
| 8:06 | Peasant |
| 8:26 | Scroll of Town Portal |
| 8:32 | Iron Forged Swords |
| 9:09 | Barracks |
| 9:24 | Devotion Aura |
| 9:30 | Iron Plating |
| 9:43 | Workshop |
| 9:48 | Mortar Team |
| 9:51 | Peasant |
| 9:51 | Peasant |
| 9:51 | Peasant |
| 9:52 | Improved Lumber Harvesting |
| 10:24 | Brilliance Aura |
| 10:31 | Siege Engine |
| 10:31 | Siege Engine |
| 10:42 | Farm |
| 10:47 | Scroll of Regeneration |
| 10:48 | Scroll of Town Portal |
| 10:56 | Siege Engine |
| 11:07 | Peasant |
| 11:07 | Peasant |
| 11:15 | Barrage |
| 11:26 | Storm Bolt |
| 11:30 | Siege Engine |
| 11:54 | Peasant |
| 11:55 | Peasant |
| 12:09 | Peasant |
| 12:09 | Peasant |
| 12:09 | Peasant |
| 12:21 | Peasant |
| 12:23 | Advanced Lumber Harvesting |
| 12:27 | Farm |
| 13:18 | Sundering Blades |
| 13:19 | Animal War Training |
| 13:20 | Fragmentation Shards |
| 13:47 | Steel Forged Swords |
| 13:49 | Black Gunpowder |
| 13:51 | Steel Plating |
| 14:11 | Farm |
| 14:11 | Farm |
| 14:11 | Farm |
| 14:55 | Refined Gunpowder |
| 15:35 | Siege Engine |
| 15:42 | Scroll of Town Portal |
| 15:43 | Scroll of Regeneration |
| 15:53 | Knight |
| 16:02 | Scroll of Town Portal |
| 16:18 | Siege Engine |
| 16:50 | Siege Engine |
| 18:18 | Siege Engine |
| 18:25 | Scroll of Regeneration |
| 18:31 | Scroll of Town Portal |
| 18:52 | Siege Engine |
| 19:27 | Siege Engine |
| 19:29 | Bash |
| 19:42 | Holy Light |
| 20:23 | Siege Engine |
| 21:28 | Imbued Gunpowder |
| 21:29 | Mithril Forged Swords |
| 22:19 | Town Hall |
| 23:15 | Mortar Team |
| 23:15 | Mortar Team |
| 23:36 | Storm Bolt |
| 23:43 | Devotion Aura |
| 24:35 | Scroll of Town Portal |
| 24:38 | Scroll of Town Portal |
| Select group | 1031 |
| Right click | 918 |
| Select | 856 |
| Misc. action | 774 |
| Build/train/purchase | 135 |
| Use ability | 67 |
| Assign group | 37 |
| Esc | 8 |
| Minimap ping | 8 |
| Resource trade | 5 |
| Remove unit | 3 |
| Item give/drop | 1 |
⇛